 Dungeon Crawl Stone Soup version 0.24-a0-499-g1074bba3cf (webtiles) character file.

Game seed: 4603514469001424898

6946 Inarius the Cleaver (level 10, -22/117 HPs)
             Began as a Demonspawn Hunter on July 14, 2019.
             Was a Priest of Trog.
             Annihilated by a death yak (23 damage)
             ... on level 9 of the Dungeon.
             The game lasted 00:16:07 (9865 turns).

Inarius the Cleaver (Demonspawn Hunter)             Turns: 9865, Time: 00:16:07

Health: -22/117    AC: 15    Str: 21    XL:     10   Next: 80%
Magic:  14/14      EV:  7    Int: 13    God:    Trog [***...]
Gold:   396        SH:  4    Dex: 13    Spells: 9/9 levels left

rFire    + . .     SeeInvis .   O - +2 hand axe (flame)
rCold    . . .     Gourm    +   t - +0 buckler
rNeg     + . .     Faith    .   M - +0 plate armour
rPois    +         Spirit   .   (helmet restricted)
rElec    .         Reflect  .   A - +0 cloak {rPois}
rCorr    .         Harm     .   (no gloves)
MR       ++...                  (no boots)
Stlth    ..........             K - amulet of the gourmand
HPRegen  1.29/turn              i - ring of positive energy
MPRegen  0.14/turn              y - ring of protection from fire

@: berserking, regenerating, very quick
A: antennae 2, rugged brown scales 1, demonic guardian 1, spiny 3
a: Berserk, Trog's Hand, Renounce Religion


You were on level 9 of the Dungeon.
You worshipped Trog.
Trog was most pleased with you.
You were very full.

You visited 2 branches of the dungeon, and saw 10 of its levels.

You collected 396 gold pieces.

Inventory:

Hand Weapons
 a - a +0 war axe
 g - a +4 morningstar of freezing
 F - a +3 hand axe
 O - a +2 hand axe of flaming (weapon)
Missiles
 c - 4 javelins (quivered)
 d - 2 throwing nets
 C - 10 boomerangs
Armour
 t - a +0 buckler (worn)
 A - a +0 cloak of poison resistance (worn)
 M - a +0 plate armour (worn)
Jewellery
 i - a ring of positive energy (left hand)
 j - an uncursed ring of fire
 y - a ring of protection from fire (right hand)
 K - an amulet of the gourmand (around neck)
Wands
 k - a wand of scattershot (4)
 q - a wand of polymorph (4)
 w - a wand of digging (16)
 D - a wand of paralysis (22)
Scrolls
 l - 7 scrolls of remove curse
 m - 7 scrolls of teleportation
 o - 5 scrolls of identify {unknown}
 r - 4 scrolls of fog {unknown}
 s - a scroll of enchant weapon {unknown}
 u - a scroll of blinking {unknown}
 v - a scroll of summoning {unknown}
 B - 3 scrolls of fear {unknown}
 L - a scroll of amnesia {unknown}
Potions
 b - 2 potions of magic {unknown}
 e - 3 potions of haste {unknown}
 h - a potion of degeneration {unknown}
 n - 2 potions of agility {unknown}
 p - a potion of curing {unknown}
 x - 2 potions of might {unknown}
 z - 2 potions of mutation {unknown}
 E - a potion of brilliance {unknown}
 G - a potion of cancellation {unknown}
 H - 2 potions of heal wounds {unknown}
 I - a potion of lignification {unknown}
 J - a potion of ambrosia {unknown}
Comestibles
 f - 13 rations
 N - 2 chunks of flesh


   Skills:
 + Level 5.8 Fighting
 * Level 10.8 Axes
 - Level 3.6 Throwing
 + Level 6.2 Armour
 + Level 2.9 Dodging
 - Level 0.8 Stealth
 + Level 3.3 Shields
 * Level 5.6 Evocations


You had 9 spell levels left.
You didn't know any spells.
Your spell library was empty.

Dungeon Overview and Level Annotations

Branches:
Dungeon (9/15)             Temple (1/1) D:6            Lair (0/6) D:9
    Orc (0/2) D:9

Altars:
Ashenzari
Cheibriados
Dithmenos
Fedhas
Gozag
Hepliaklqana
Kikubaaqudgha
Makhleb
Nemelex Xobeh
Okawaru
Qazlal
Ru
Sif Muna
Trog
Uskayaw
Vehumet
Wu Jian
Xom
Yredelemnul
The Shining One

Shops:
D:4 =


Innate Abilities, Weirdness & Mutations

You have a pair of antennae on your head.
You are partially covered in rugged brown scales. (AC +1, +3% HP)
A weak demonic guardian rushes to your aid.
You are completely covered in sharp spines.


Message History

A red film seems to cover your vision as you go berserk!
You feel yourself moving faster!
You feel mighty! The death yak gores you!!
* * * LOW HITPOINT WARNING * * *
The death yak gores you!
* * * LOW HITPOINT WARNING * * *
Unknown command.
Unknown command.
You hit the death yak. You burn the death yak.
The death yak is heavily wounded.
You hit the death yak. You burn the death yak.
Unknown command.
You are too berserk!
Unknown command.
Unknown command.
You hit the death yak. You burn the death yak.
The death yak is severely wounded.
You hit the death yak. You burn the death yak. The death yak gores you!
* * * LOW HITPOINT WARNING * * *
The death yak gores you!!
You die...

........#.......(....<....#.....#
........#.........#.....#...>...#
.#......#..................#....#
.##.#...' ................##....#
....##### ........#...##....#
(...### .............#....#
......# ########.†.........#....#
.##...###....# #YY....>....#.....
.##..........###@...#.........###
.............#.......###....#....
.............#...............####
.............+......#....[.#.#
.........#####......#......#.#
....###### #............##.#
...## #........#....#.# ...#
######'#.##.....# ####
#.#.##.#.###


You could see 2 death yaks.

Vanquished Creatures
  Harold (D:7)
  A death yak (D:9)
  Psyche (D:9)
  3 trolls (D:9)
  6 yaks (D:9)
  2 wargs (D:9)
  A porcupine (D:9)
  An ice beast (D:7)
  4 orc warriors
  A black bear (D:6)
  2 phantoms
  4 ogres
  2 centaurs
  3 wolves (D:9)
  A boggart (D:8)
  Blork the orc (D:6)
  3 bullfrogs
  A scorpion (D:7)
  A wyvern skeleton (D:9)
  5 killer bees (D:8)
  5 wights (D:7)
  2 electric eels (D:7)
  A crimson imp (D:8)
  A quasit (D:5)
  A bullfrog zombie (D:5)
  5 orc wizards
  A hound (D:9)
  3 orc priests
  An iguana (D:8)
  Crazy Yiuf (D:5)
  A hell rat (D:9)
  3 worker ants
  A killer bee zombie (D:6)
  A hound zombie (D:5)
  2 howler monkey zombies (D:9)
  2 gnolls (D:8)
  A howler monkey skeleton (D:8)
  8 adders
  A river rat (D:9)
  A white imp (D:7)
  An ooze (D:8)
  An adder skeleton (D:5)
  A worm (D:3)
  7 dart slugs
  6 leopard geckos
  26 orcs
  3 ball pythons
  5 giant cockroaches
  7 hobgoblins
  11 jackals
  8 kobolds
  10 quokkas
  5 bats
  A frilled lizard (D:3)
  13 goblins
  2 goblin skeletons (D:7)
  A goblin zombie (D:7)
  2 hobgoblin zombies (D:7)
  A kobold skeleton (D:7)
  A kobold zombie (D:7)
  A leopard gecko skeleton (D:4)
  An orc skeleton (D:7)
  A quokka skeleton (D:8)
  4 rats
205 creatures vanquished.

Vanquished Creatures (collateral kills)
  A porcupine (D:9)
  An ogre (D:8)
  A centaur (D:6)
  A wolf (D:9)
  3 bullfrogs
  A crimson imp (D:5)
  An orc priest (D:9)
  An orc wizard (D:9)
  Terence (D:2)
  Robin (D:2)
  An adder (D:5)
  A dart slug (D:7)
  2 orcs (D:3)
  2 hobgoblins (D:2)
  A quokka (D:7)
  A bat (D:2)
  2 goblins (D:2)
22 creatures vanquished.

Vanquished Creatures (others)
  A dart slug (D:7)
1 creature vanquished.

Grand Total: 228 creatures vanquished

Notes
Turn   | Place    | Note
-------+----------+-------------------------------------------
     0 | D:1      | Inarius the Demonspawn Hunter began the quest for the Orb.
     0 | D:1      | Reached XP level 1. HP: 16/16 MP: 1/1
   325 | D:1      | Gained mutation: You are partially covered in sharp spines.
                  | [demonic ancestry]
   325 | D:1      | Reached XP level 2. HP: 23/23 MP: 2/2
   500 | D:1      | Found a shattered altar of Ashenzari.
   569 | D:1      | Reached skill level 1 in Axes
  1044 | D:1      | Gained mutation: A weak demonic guardian rushes to your
                  | aid. [demonic ancestry]
  1044 | D:1      | Reached XP level 3. HP: 26/28 MP: 3/3
  1153 | D:2      | Noticed Terence
  1163 | D:2      | Killed Terence
  1163 | D:2      | Reached skill level 1 in Armour
  1307 | D:2      | Noticed Robin
  1309 | D:2      | Reached XP level 4. HP: 29/34 MP: 4/4
  1312 | D:2      | Reached skill level 2 in Axes
  1318 | D:2      | Killed Robin
  1556 | D:2      | Found an opulent altar of Gozag.
  2084 | D:3      | Gained mutation: You have a pair of small antennae on your
                  | head. [demonic ancestry]
  2084 | D:3      | Reached XP level 5. HP: 37/41 MP: 5/5
  2253 | D:3      | Found a hazy altar of Hepliaklqana.
  2288 | D:3      | Found a faded altar of an unknown god.
  2349 | D:3      | Reached skill level 3 in Axes
  2751 | D:4      | Found an ancient bone altar of Kikubaaqudgha.
  3286 | D:4      | Found Yfyr's Jewellery Boutique.
  3489 | D:4      | Noticed a phantom
  3531 | D:4      | Killed a phantom
  3531 | D:4      | Gained mutation: You are mostly covered in sharp spines.
                  | [demonic ancestry]
  3531 | D:4      | Reached XP level 6. HP: 27/47 MP: 6/6
  3790 | D:5      | Entered Level 5 of the Dungeon
  3911 | D:5      | Found a blossoming altar of Fedhas.
  3966 | D:5      | Reached skill level 4 in Axes
  4347 | D:5      | Reached skill level 5 in Axes
  4953 | D:5      | Found a runed translucent door.
  4954 | D:5      | Noticed Crazy Yiuf
  5054 | D:5      | Killed Crazy Yiuf
  5054 | D:5      | Gained mutation: You are partially covered in rugged brown
                  | scales. (AC +1, +3% HP) [demonic ancestry]
  5054 | D:5      | Reached XP level 7. HP: 35/54 MP: 7/7
  5465 | D:6      | Found a staircase to the Ecumenical Temple.
  5472 | Temple   | Entered the Ecumenical Temple
  5494 | Temple   | Became a worshipper of Trog the Wrathful
  5889 | D:6      | Reached skill level 6 in Axes
  5889 | D:6      | Reached skill level 1 in Evocations
  5924 | D:6      | Reached XP level 8. HP: 61/61 MP: 8/8
  5999 | D:6      | Noticed Blork the orc
  6013 | D:6      | Killed Blork the orc
  6018 | D:6      | Found a deep blue altar of Sif Muna.
  6487 | D:7      | Noticed Harold
  6533 | D:7      | Reached * piety under Trog
  6544 | D:7      | Killed Harold
  6544 | D:7      | Reached skill level 7 in Axes
  6544 | D:7      | Reached skill level 1 in Shields
  6701 | D:7      | Gained mutation: You have a pair of antennae on your head.
                  | [demonic ancestry]
  6701 | D:7      | Reached XP level 9. HP: 67/67 MP: 11/11
  6880 | D:7      | Found a shadowy altar of Dithmenos.
  6882 | D:7      | Found an ornate altar of the Wu Jian Council.
  6882 | D:7      | Found a stormy altar of Qazlal.
  6957 | D:7      | Found a glowing golden altar of the Shining One.
  6966 | D:7      | Reached skill level 8 in Axes
  6993 | D:7      | Reached ** piety under Trog
  7546 | D:8      | Found a radiant altar of Vehumet.
  7547 | D:8      | Found a burning altar of Makhleb.
  8141 | D:8      | Reached skill level 9 in Axes
  8422 | D:9      | Noticed Psyche
  8439 | D:9      | Killed Psyche
  8439 | D:9      | Reached skill level 5 in Fighting
  8439 | D:9      | Reached skill level 5 in Armour
  8473 | D:9      | Noticed a troll
  8483 | D:9      | Killed a troll
  8522 | D:9      | Gained mutation: You are completely covered in sharp
                  | spines. [demonic ancestry]
  8522 | D:9      | Reached XP level 10. HP: 61/76 MP: 13/13
  8571 | D:9      | Noticed a death yak
  8571 | D:9      | Noticed a death yak
  8729 | D:9      | Reached skill level 10 in Axes
  8802 | D:9      | Noticed a death yak
  8833 | D:9      | Killed a death yak
  8833 | D:9      | Reached *** piety under Trog
  8833 | D:9      | Reached skill level 5 in Evocations
  8871 | D:9      | Found a staircase to the Lair.
  9262 | D:9      | Noticed Grum
  9271 | D:9      | Noticed Grum
  9271 | D:9      | Grum changed into Grum the tengu
  9273 | D:9      | Noticed Grum
  9273 | D:9      | Grum the tengu changed into Grum the ogre
  9278 | D:9      | Killed Grum the ogre
  9653 | D:9      | Found a staircase to the Orcish Mines.
  9865 | D:9      | HP: 1/117 [death yak (8)]
  9865 | D:9      | Annihilated by a death yak

Levels and vault maps discovered:
D:1:      saegor_arrival_simple_d, layout_basic, minivault_25, st_stairs_11,
          ashenzari_altar_1
D:2:      layout_rooms, nicolae_gozag_seed_capital, uniq_terence, uniq_robin
D:3:      layout_basic, nicolae_overflow_hidden_temple,
          chequers_ecumenical_altar_grove
D:4:      layout_loops_corners, kiku_gazebo_pond_becter, first_ration,
          serial_shops, nicolae_shop_stone, serial_forest,
          infiniplex_forest_clump_small, infiniplex_forest_lined_1,
          infiniplex_forest_straight_4, infiniplex_forest_lined_corner,
          infiniplex_forest_lined_1, infiniplex_forest_end_1,
          infiniplex_forest_corner_1, infiniplex_forest_split
D:5:      layout_layer_cave, nicolae_overflow_crystal_walls,
          uniq_crazy_yiuf_cottage
D:6:      layout_rooms, tgw_sif, minmay_temple_entry_butterflies
D:7:      kennysheep_slugbush, layout_layer_cave, lemuel_doored_altar,
          chequers_temple_overflow_statue_of_worship,
          nicolae_tso_besieged_by_evil, uniq_harold
D:8:      layout_gridville, grunt_temple_overflow_lords_of_destruction
D:9:      layout_basic, good_gods_temple_1, dpeg_lair_monsters,
          david_orc_1_choice, ploomutoo_gammafunk_ghost_potion_laboratory,
          uniq_psyche, uniq_grum
Temple:   jpeg_temple_island

Skill      XL: |  1  2  3  4  5  6  7  8  9 10 |
---------------+-------------------------------+-----
Dodging        | 2 |  2.9
Axes           | 1 2 3 5 6 7 9 10 | 10.8
Armour         | 1 2 3 4 5 6 |  6.2
Fighting       | 3 4 5 |  5.8
Evocations     | 1 2 4 5 |  5.6
Shields        | 1 2 3 |  3.3
Throwing       | |  3.6
Stealth        | |  0.8

Action                   |  1- 3 |  4- 6 |  7- 9 | 10-12 || total
-------------------------+-------+-------+-------+-------++-------
Melee: Hand axe          |    68 |   155 |   120 |   124 ||   467
       War axe           |       |       |    96 |       ||    96
Throw: Javelin           |     1 |     8 |     5 |     8 ||    22
       Boomerang         |       |       |    25 |       ||    25
       Throwing net      |       |       |     1 |       ||     1
Invok: Berserk           |       |       |     3 |     4 ||     7
       Trog's Hand       |       |       |     1 |     3 ||     4
Evoke: Wand              |       |       |     5 |     6 ||    11
  Use: Scroll            |     1 |       |     1 |     2 ||     4
 Stab: Sleeping          |     1 |       |       |       ||     1
       Distracted        |     1 |     1 |     1 |     1 ||     4
  Eat: Chunk             |     1 |    11 |    19 |    13 ||    44
Armor: Leather armour    |    17 |       |       |       ||    17
       Chain mail        |    32 |    77 |   127 |       ||   236
       Plate armour      |       |       |       |    53 ||    53
Dodge: Dodged            |    35 |    59 |    49 |    33 ||   176
Block: Buckler           |       |     8 |    42 |    26 ||    76

Table legend:
 A = Non-vault XP
 B = Vault XP
 C = Vault XP percentage of total XP
 D = Non-vault monster count
 E = Vault monster count
 F = Vault count percentage of total count
                 A         B        C        D         E       F
            +---------+---------+-------+---------+---------+-------
      Total |    6006 |    3917 |  39.5 |     169 |      58 |  25.6
            +---------+---------+-------+---------+---------+-------
        D:1 |      33 |       9 |  21.4 |      15 |       4 |  21.1
        D:2 |      55 |      50 |  47.6 |      19 |      14 |  42.4
        D:3 |     100 |       0 |   0.0 |      19 |       0 |   0.0
        D:4 |     166 |       0 |   0.0 |       9 |       0 |   0.0
        D:5 |     318 |      39 |  10.9 |      15 |       1 |   6.2
        D:6 |     663 |      91 |  12.1 |      20 |       1 |   4.8
        D:7 |     937 |     910 |  49.3 |      23 |      14 |  37.8
        D:8 |    1170 |      50 |   4.1 |      21 |       1 |   4.5
        D:9 |    2561 |    2768 |  51.9 |      27 |      23 |  46.0
     Temple |       3 |       0 |   0.0 |       1 |       0 |   0.0
            +---------+---------+-------+---------+---------+-------
